 Dungeon Crawl Stone Soup version 0.28.0-1-gb440e238dd (webtiles) character file.

Game seed: 18124639988629302398

283 Ablot the Grasshopper (level 6, -2/50 HPs)
             Began as a Gnoll Warper on Feb 24, 2022.
             Killed from afar by an orc wizard (5 damage)
             ... with a puff of flame
             ... on level 4 of the Dungeon.
             The game lasted 00:05:18 (3773 turns).

Ablot the Grasshopper (Gnoll Warper)                Turns: 3773, Time: 00:05:23

Health: -2/50      AC:  4    Str: 16    XL:     6   Next: 28%
Magic:  14/14      EV: 13    Int:  9    God:
Gold:   210        SH:  0    Dex: 12    Spells: 13/15 levels left

rFire   + . .      SeeInvis +   t - +6 dagger "Tusewk" {venom, rN+ Will+ Str+4 Int-3}
rCold   . . .      Faith    .   (no shield)
rNeg    + . .      Spirit   .   b - +0 leather armour
rPois   .          Reflect  .   (no helmet)
rElec   .          Harm     .   G - +0 cloak
rCorr   .          Rampage  .   (no gloves)
Will    +....                   (no boots)
Stlth   +.........              (no amulet)
HPRegen 0.16/turn               i - ring of protection from fire
MPRegen 0.14/turn               A - ring of see invisible

@: confused, lethally poisoned (-2 -> -13), ambrosia-drunk, invisible
A: fangs 1, strong nose, distributed training
a: no special abilities


You were on level 4 of the Dungeon.
You visited 1 branch of the dungeon, and saw 5 of its levels.

You collected 210 gold pieces.

Inventory:

Hand Weapons
 a - a +0 spear
 o - a +0 vorpal hunting sling
 t - the +6 dagger "Tusewk" (weapon) {venom, rN+ Will+ Str+4 Int-3}
   (You found it on level 2 of the Dungeon)

   It poisons the flesh of those it strikes.
   Str:       It affects your strength (+4).
   Int:       It affects your intelligence (-3).
   rN:        It protects you from negative energy.
   Will:      It increases your willpower.
Missiles
 d - 5 boomerangs of dispersal
 f - 167 stones
 l - 11 boomerangs
 u - 15 sling bullets
Armour
 b - a +0 leather armour (worn)
 g - a +0 buckler
 G - a +0 cloak (worn)
Magical Staves
 s - a staff of conjuration
 B - a staff of fire
Jewellery
 i - a ring of protection from fire (left hand)
 y - a ring of flight
 A - a ring of see invisible (right hand)
 F - a +6 ring of intelligence
Wands
 C - a wand of charming (3) (quivered)
 E - a wand of mindburst (10)
Scrolls
 c - a scroll of blinking
 e - 3 scrolls of enchant armour {unknown}
 h - 4 scrolls of identify {unknown}
 k - a scroll of fear {unknown}
 n - 2 scrolls of fog {unknown}
 q - 2 scrolls of amnesia {unknown}
 v - a scroll of magic mapping {unknown}
 w - a scroll of teleportation {unknown}
 D - a scroll of acquirement {unknown}
Potions
 j - a potion of ambrosia
 m - a potion of invisibility
 p - a potion of curing {unknown}
 r - a potion of might {unknown}
 x - a potion of heal wounds {unknown}
 z - a potion of brilliance {unknown}


   Skills:
 + Level 4.9 Fighting
 + Level 1.9 Short Blades
 + Level 1.9 Long Blades
 + Level 1.9 Axes
 + Level 1.9 Maces & Flails
 + Level 4.9 Polearms
 + Level 1.9 Staves
 + Level 1.9 Slings
 + Level 1.9 Bows
 + Level 1.9 Crossbows
 + Level 3.2 Throwing
 + Level 3.2 Armour
 + Level 4.9 Dodging
 + Level 1.9 Stealth
 + Level 1.9 Shields
 + Level 1.9 Unarmed Combat
 + Level 5.3 Spellcasting
 + Level 1.5 Conjurations
 + Level 1.5 Hexes
 + Level 1.5 Summonings
 + Level 1.5 Necromancy
 + Level 5.6 Translocations
 + Level 1.5 Transmutations
 + Level 1.5 Fire Magic
 + Level 1.5 Ice Magic
 + Level 1.5 Air Magic
 + Level 1.5 Earth Magic
 + Level 1.5 Poison Magic
 + Level 2.1 Invocations
 + Level 1.9 Evocations


You had 13 spell levels left.
You knew the following spells:

 Your Spells              Type           Power      Damage    Failure   Level
a - Blink                 Tloc           24%        N/A       4%          2

Your spell library contained the following spells:

 Spells                   Type           Power      Damage    Failure   Level
 Gell's Gravitas          Tloc           12%        N/A       9%          3
 Lesser Beckoning         Tloc           12%        N/A       9%          3
 Teleport Other           Tloc           12%        N/A       9%          3
 Animate Skeleton         Necr           10%        N/A       16%         1
 Pain                     Necr           20%        1d5       16%         1
 Vampiric Draining        Necr           5%         2d6       41%         3
 Manifold Assault         Tloc           12%        N/A       58%         5


Dungeon Overview and Level Annotations

Branches:
Dungeon (5/15)
 Temple: D:4-7

Altars:

Annotations:
D:4 1 runed translucent door, exclusion: door, Ablot's ghost, novice GnWr


Innate Abilities, Weirdness & Mutations

You have very sharp teeth.
Your uncanny sense of smell can sniff out nearby items.
Your experience applies equally to all skills.


Message History

The orc hits you with a +0 hand axe of freezing.
* * * LOW HITPOINT WARNING * * *
The orc freezes you.
* * * LOW HITPOINT WARNING * * *
The water moccasin closely misses you.
You climb upwards.
Level annotation: 1 runed translucent door, exclusion: door, Ablot's ghost, novice GnWr You feel sick.
There is a stone staircase leading down here.
Casting: Blink (safe; 4% risk of failure)
Confirm with . or Enter, or press ? or * to list all spells.
You blink.
You feel sick.
You are no longer poisoned.
The orc wizard hits you but does no damage.
You hit the water moccasin.
The water moccasin is severely wounded.
The water moccasin barely misses you.
The orc hits you with a +0 hand axe of freezing.
* * * LOW HITPOINT WARNING * * *
The orc freezes you.
* * * LOW HITPOINT WARNING * * *
The orc wizard hits you with a +0 dagger.
* * * LOW HITPOINT WARNING * * *
Unknown command.
It was a potion of ambrosia.
You are confused.
You feel invigorated. The water moccasin bites you.
* * * LOW HITPOINT WARNING * * *
You are lethally poisoned!
The water moccasin poisons you! The orc closely misses you.
The orc wizard barely misses you.
The water moccasin bites you but does no damage.
It was a potion of invisibility.
You fade into invisibility!
You feel stable enough to blink again.
* * * LOW HITPOINT WARNING * * *
You feel very sick. The orc barely misses you.
The orc wizard casts a spell at you. The puff of flame hits you. You resist.
You die...

####### ###################
#.....# #........>...#....#
'.....# #.....o......#....#
#.....# #....@o......#....##
##.###### #.####S##...##.....#
##.####.#########.########'####
..................#.........#
.....[..........."#.........#
..................'.........#
..................#.........#
..................#.........#
##.##...##...##'#################


You could see a water moccasin, an orc wizard (invisible) and an orc.

Vanquished Creatures
  An ogre (D:4)
  A hound (D:5)
  3 gnolls (D:4)
  5 adders
  3 dart slugs
  10 orcs
  4 ball pythons
  7 bats
  4 endoplasms
  4 giant cockroaches
  9 goblins
  6 hobgoblins
  3 quokkas
  2 frilled lizards (D:2)
  9 kobolds
  4 rats
75 creatures vanquished.

Vanquished Creatures (others)
  An orc wizard (D:5)
1 creature vanquished.

Grand Total: 76 creatures vanquished

Notes
Turn   | Place    | Note
-------+----------+-------------------------------------------
     0 | D:1      | Ablot the Gnoll Warper began the quest for the Orb.
     0 | D:1      | Reached XP level 1. HP: 20/20 MP: 6/6
   113 | D:1      | Reached XP level 2. HP: 21/26 MP: 7/7
   134 | D:1      | Learned a level 2 spell: Blink
   917 | D:2      | Reached XP level 3. HP: 31/31 MP: 9/9
   950 | D:2      | Reached skill level 5 in Spellcasting
  1026 | D:2      | Identified the +6 dagger "Tusewk" {venom, rN+ Will+ Str+4
                  | Int-3}
  1042 | D:2      | Reached skill level 1 in Invocations
  1449 | D:2      | Reached skill level 1 in Short Blades
  1449 | D:2      | Reached skill level 1 in Long Blades
  1449 | D:2      | Reached skill level 1 in Axes
  1449 | D:2      | Reached skill level 1 in Maces & Flails
  1449 | D:2      | Reached skill level 1 in Staves
  1449 | D:2      | Reached skill level 1 in Slings
  1449 | D:2      | Reached skill level 1 in Bows
  1449 | D:2      | Reached skill level 1 in Crossbows
  1449 | D:2      | Reached skill level 1 in Stealth
  1449 | D:2      | Reached skill level 1 in Shields
  1449 | D:2      | Reached skill level 1 in Unarmed Combat
  1449 | D:2      | Reached skill level 1 in Evocations
  1467 | D:2      | Reached XP level 4. HP: 34/38 MP: 11/11
  2246 | D:3      | Reached skill level 1 in Conjurations
  2246 | D:3      | Reached skill level 1 in Hexes
  2246 | D:3      | Reached skill level 1 in Summonings
  2246 | D:3      | Reached skill level 1 in Necromancy
  2246 | D:3      | Reached skill level 1 in Transmutations
  2246 | D:3      | Reached skill level 1 in Fire Magic
  2246 | D:3      | Reached skill level 1 in Ice Magic
  2246 | D:3      | Reached skill level 1 in Air Magic
  2246 | D:3      | Reached skill level 1 in Earth Magic
  2246 | D:3      | Reached skill level 1 in Poison Magic
  2697 | D:4      | Reached XP level 5. HP: 43/43 MP: 12/12
  2768 | D:4      | Found a runed translucent door.
  2770 | D:4      | Noticed Ablot's ghost (novice GnWr)
  3604 | D:5      | Entered Level 5 of the Dungeon
  3655 | D:5      | Noticed an ogre
  3670 | D:4      | Killed an ogre
  3671 | D:4      | Reached XP level 6. HP: 36/50 MP: 14/14
  3755 | D:5      | Noticed a water moccasin
  3771 | D:4      | HP: 2/50 [orc (2)]
  3773 | D:4      | Killed from afar by an orc wizard

Illustrated notes

Levels and vault maps discovered:
D:1:      scummos_arrival_gate, layout_basic, minmay_three_crescents
D:2:      layout_basic, minivault_25, minmay_quadrilaterals
D:3:      layout_rooms
D:4:      layout_gridville, hellmonk_ghost_happy_afterlife
D:5:      layout_rooms

Skill      XL: |  1  2  3  4  5 |
---------------+----------------+-----
Spellcasting   | 5 |  5.3
Invocations    | 1 2 |  2.1
Short Blades   | 1 |  1.9
Long Blades    | 1 |  1.9
Axes           | 1 |  1.9
Maces & Flails | 1 |  1.9
Staves         | 1 |  1.9
Slings         | 1 |  1.9
Bows           | 1 |  1.9
Crossbows      | 1 |  1.9
Stealth        | 1 |  1.9
Shields        | 1 |  1.9
Unarmed Combat | 1 |  1.9
Evocations     | 1 |  1.9
Conjurations   | 1 |  1.5
Hexes          | 1 |  1.5
Summonings     | 1 |  1.5
Necromancy     | 1 |  1.5
Transmutations | 1 |  1.5
Fire Magic     | 1 |  1.5
Ice Magic      | 1 |  1.5
Air Magic      | 1 |  1.5
Earth Magic    | 1 |  1.5
Poison Magic   | 1 |  1.5
Throwing       | 3 |  3.2
Armour         | 3 |  3.2
Fighting       | |  4.9
Polearms       | |  4.9
Dodging        | |  4.9
Translocations | |  5.6

Action                   |  1- 3 |  4- 6 || total
-------------------------+-------+-------++-------
Melee: Spear             |    82 |       ||    82
       Bite              |     9 |     8 ||    17
       Punch             |     1 |     1 ||     2
       Dagger            |    21 |   107 ||   128
 Cast: Blink             |       |     1 ||     1
Evoke: Wand              |       |     1 ||     1
  Use: Potion            |       |     2 ||     2
 Stab: Sleeping          |     2 |     1 ||     3
Armor: Leather armour    |    21 |    15 ||    36
Dodge: Dodged            |    41 |    79 ||   120
